 Dungeon Crawl Stone Soup version 0.20-a0-313-g10ed074 (webtiles) character file.

241 Junicave the Sneak (level 5, -1/26 HPs)
             Began as a Spriggan Artificer on Dec 20, 2016.
             Slain by a mummy (7 damage)
             ... in an ossuary.
             The game lasted 00:14:03 (6410 turns).

Junicave the Sneak (Spriggan Artificer)             Turns: 6410, Time: 00:14:03

Health: -1/26      AC:  2    Str:  8    XL:     5   Next: 80%
Magic:  9/9        EV: 20    Int: 12    God:
Gold:   138        SH:  0    Dex: 18    Spells: 4/4 levels left

rFire  . . .     SeeInvis +     a - +0 short sword
rCold  . . .     Gourm    .     b - +0 robe
rNeg   . . .     Faith    .     (shield restricted)
rPois  .         Spirit   .     (helmet restricted)
rElec  .         Reflect  .     (no cloak)
rCorr  .         Harm     .     (gloves unavailable)
MR     .....                    (boots unavailable)
Stlth  +++.......               (no amulet)
                                (no ring)
                                n - ring of flight

@: very quick
A: unfitting armour, see invisible, herbivore 3, speed 3, slow metabolism 2
a: Evoke Flight


You were in an ossuary.
You were not hungry.

You visited 1 branch of the dungeon, and saw 4 of its levels.
You also visited: Ossuary.

You collected 138 gold pieces.

Inventory:

Hand Weapons
 a - a +0 short sword (weapon)
Armour
 b - a +0 robe (worn)
Jewellery
 n - a ring of flight (left hand)
Wands
 c - a wand of flame (12/48)
 d - a wand of enslavement (12/24)
 e - a wand of random effects (3/48)
Scrolls
 g - a scroll of identify
 h - a scroll of random uselessness {unknown}
 i - 2 scrolls of amnesia
 p - 2 scrolls of teleportation {unknown}
Potions
 j - 2 potions of cancellation {unknown}
 k - 2 potions of magic
 l - a potion of brilliance {unknown}
 m - a potion of agility {unknown}
Comestibles
 f - 3 bread rations


   Skills:
 + Level 1.9 Fighting
 + Level 2.6 Short Blades
 + Level 4.5 Dodging
 * Level 5.4 Stealth
 + Level 5.0 Evocations


You had 4 spell levels left.
You didn't know any spells.

Dungeon Overview and Level Annotations

Branches:
Dungeon (4/15)             Temple (0/1) D:4

Altars:
Elyvilon

Annotations:
D:3 Junicave's ghost, amateur OpCj


Innate Abilities, Weirdness & Mutations

You are very small and have problems with some larger weapons.
You are too small for most types of armour.
You have supernaturally acute eyesight. (SInv)
You are a herbivore.
You cover ground extremely quickly.
You need consume almost no food.


Message History

You hit the mummy but do no damage. The mummy barely misses you.
The big kobold zombie misses you.
You barely miss the mummy. The big kobold zombie hits you.
* * * LOW HITPOINT WARNING * * *
The mummy closely misses you.
Evoke which item? (* to show all) (? for menu, Esc to quit)
Zapping:
e - a wand of random effects (4/48)
Press: ? - help, Shift-Dir - straight line, f - mummy
Aim: a mummy The bolt of negative energy hits the mummy.
The mummy completely resists.
This wand has 3 charges left.
Evoke which item? (* to show all) (? for menu, Esc to quit)
Zapping:
c - a wand of flame (13/48)
Press: ? - help, Shift-Dir - straight line, f/p - mummy
Aim: a mummy The puff of flame hits the mummy.
The mummy is burned terribly!
The mummy is severely damaged.
This wand has 12 charges left.
The big kobold zombie misses you. The mummy hits you!
You die...

#....#
#....#
#....#
#....#
#....#
#....#
#....#
#..MZ#
#.∩∩@#
######


You could see a mummy and a big kobold zombie.

Vanquished Creatures
  A howler monkey (D:3)
  13 adders
  4 worms
  3 dart slugs
  A leopard gecko (D:1)
  An orc (D:3)
  2 bats
  6 giant cockroaches
  A gnoll zombie (Ossuary)
  7 goblins
  13 hobgoblins
  7 kobolds
  2 quokkas
  A ball python (D:3)
  4 frilled lizards
  A hobgoblin zombie (Ossuary)
  An orc zombie (Ossuary)
  2 rats (D:1)
70 creatures vanquished.

Notes
Turn   | Place    | Note
-------+----------+-------------------------------------------
     0 | D:1      | Junicave the Spriggan Artificer began the quest for the Orb.
     0 | D:1      | Reached XP level 1. HP: 9/9 MP: 4/4
   317 | D:1      | Reached XP level 2. HP: 13/14 MP: 6/6
   681 | D:1      | Reached skill level 1 in Fighting
  1712 | D:2      | Reached XP level 3. HP: 6/18 MP: 7/7
  2630 | D:2      | Reached XP level 4. HP: 8/22 MP: 8/8
  2652 | D:2      | HP: 1/22 [poisoned by an adder]
  3854 | D:3      | Reached XP level 5. HP: 25/25 MP: 9/9
  4237 | D:3      | Reached skill level 5 in Stealth
  4542 | D:3      | Noticed Junicave's ghost (amateur OpCj)
  4583 | D:3      | HP: 1/26 [Junicave's ghost (7)]
  5449 | D:3      | Found a white marble altar of Elyvilon.
  5541 | D:3      | Reached skill level 5 in Evocations
  5842 | D:4      | Noticed a phantom
  5859 | D:4      | HP: 1/26 [phantom (6)]
  6292 | D:4      | Found a staircase to the Ecumenical Temple.
  6341 | D:4      | Found a sand-covered staircase.
  6353 | Ossuary  | Entered an ossuary
  6410 | Ossuary  | Slain by a mummy

Vault maps used:
D:1:      dpeg_arrival_solitude
D:2:      nicolae_overflow_hidden_temple
D:3:      marbit_many_paths, first_bread
D:4:      nicolae_ossuary_entry_ruins, kennysheep_nondescript
Ossuary:  ossuary_tomb_3

Skill      XL: |  1  2  3  4  5 |
---------------+----------------+-----
Stealth        | 2 3 4 5 |  5.4
Fighting       | 1 |  1.9
Short Blades   | 2 |  2.6
Dodging        | 4 |  4.5
Evocations     | 5 |  5.0

Action                   |  1- 3 |  4- 6 || total
-------------------------+-------+-------++-------
Melee: Short sword       |   207 |   162 ||   369
Evoke: Wand              |     5 |    13 ||    18
  Use: Potion            |     1 |     1 ||     2
       Scroll            |       |     5 ||     5
 Stab: Sleeping          |     7 |     7 ||    14
       Confused          |     1 |       ||     1
       Distracted        |     1 |     1 ||     2
  Eat: Bread ration      |       |     1 ||     1
Armor: Robe              |    21 |     2 ||    23
Dodge: Dodged            |   159 |    97 ||   256
